 Dungeon Crawl Stone Soup version 0.23-a0-356-g1757c6e (webtiles) character file.

48 EvilAliv3 the Skirmisher (level 3, -6/28 HPs)
             Began as a Demonspawn Wanderer on Oct 22, 2018.
             Killed by nerve-wracking pain
             ... invoked by an orc priest
              (11 damage)
             ... on level 2 of the Dungeon.
             The game lasted 00:07:21 (1722 turns).

EvilAliv3 the Skirmisher (Demonspawn Wanderer)      Turns: 1722, Time: 00:07:22

Health: -6/28      AC:  6    Str: 17    XL:     3   Next: 50%
Magic:  4/4        EV: 10    Int: 12    God:
Gold:   62         SH:  0    Dex:  9    Spells: 4/4 levels left

rFire    . . .     SeeInvis .   a - +0 shortbow
rCold    . . .     Gourm    .   (shield currently unavailable)
rNeg     . . .     Faith    .   l - +0 ring mail
rPois    .         Spirit   .   (no helmet)
rElec    .         Reflect  .   (no cloak)
rCorr    .         Harm     .   h - +0 pair of gloves (curse)
MR       .....                  (no boots)
Stlth    +.........             (no amulet)
HPRegen  0.09/turn              (no ring)
MPRegen  0.09/turn              (no ring)

@: no status effects
A: rot immunity
a: no special abilities


You were on level 2 of the Dungeon.
You were not hungry.

You visited 1 branch of the dungeon, and saw 2 of its levels.

You collected 62 gold pieces.

Inventory:

Hand Weapons
 a - a +0 shortbow (weapon)
 b - a +0 hand axe
 i - a +0 short sword
Missiles
 d - 4 arrows (quivered)
Armour
 c - a +0 shield
 h - a cursed +0 pair of gloves (worn)
 l - a +0 ring mail (worn)
Scrolls
 e - a scroll of teleportation {unknown}
 j - a scroll of remove curse {unknown}
Potions
 g - a potion of degeneration {unknown}
 k - a potion of magic {unknown}
Comestibles
 f - 3 rations
 m - a chunk of flesh


   Skills:
 * Level 2.9 Fighting
 - Level 2.6 Bows
 + Level 1.9 Armour
 - Level 1.0 Stealth
 - Level 1.0 Shields
 - Level 1.0 Spellcasting
   Level 2.0 Hexes


You had 4 spell levels left.
You didn't know any spells.
Your spell library was empty.

Dungeon Overview and Level Annotations

Branches:
Dungeon (2/15)

Altars:


Innate Abilities, Weirdness & Mutations

You are immune to rotting.


Message History

Press: ? - help, Shift-Dir - straight line, f/p - orc priest
Aim: an orc priest, wielding a +0 whip and wearing a +0 leather armour You shoot an arrow.
The arrow hits the orc priest.
The orc priest is heavily wounded.
The orc priest barely misses you.
Firing (i - inventory)
d - 6 arrows (quivered)
Press: ? - help, Shift-Dir - straight line, f/p - orc priest
Aim: an orc priest, wielding a +0 whip and wearing a +0 leather armour (heavily You shoot an arrow.
The arrow closely misses the orc priest.
The orc priest hits you with a +0 whip.
* * * LOW HITPOINT WARNING * * *
Firing (i - inventory)
d - 5 arrows (quivered)
Press: ? - help, Shift-Dir - straight line, f/p - orc priest
Aim: an orc priest, wielding a +0 whip and wearing a +0 leather armour (heavily You shoot an arrow.
The arrow hits the orc priest.
The orc priest is severely wounded.
The orc priest invokes the aid of Beogh against you.
Pain shoots through your body!
You die...

######.##
#. #.# #.#
#.# #.. ..#
#.# #.# #.#
### #.# #.#
#.# #.# #.#
#.# #.#
#.#######.#
#.........#
#@#########
.(((((o.#
#########


You could see an orc priest.

Vanquished Creatures
  An adder (D:2)
  A dart slug (D:1)
  A leopard gecko (D:1)
  2 orcs (D:2)
  4 bats
  A giant cockroach (D:2)
  4 goblins
  2 hobgoblins (D:1)
  7 kobolds
  A quokka (D:2)
  4 frilled lizards
  7 rats
35 creatures vanquished.

Notes
Turn   | Place    | Note
-------+----------+-------------------------------------------
     0 | D:1      | EvilAliv3 the Demonspawn Wanderer began the quest for the
                  | Orb.
     0 | D:1      | EvilAliv3 set off with: a +0 shield, a +0 hand axe, a +0
                  | shortbow, 28 arrows, a +0 robe, a ration
     0 | D:1      | Reached XP level 1. HP: 15/15 MP: 2/2
   188 | D:1      | Gained mutation: You are immune to rotting. [demonic
                  | ancestry]
   188 | D:1      | Reached XP level 2. HP: 22/22 MP: 3/3
  1200 | D:2      | Reached XP level 3. HP: 22/28 MP: 4/4
  1722 | D:2      | Killed from afar by an orc priest

Vault maps used:
D:1:      evilmike_arrival_fibonacci_small, chequers_serial_rivers_large_a,
          minmay_misc_feat_encased

Skill      XL: |  1  2 |
---------------+-------+-----
Fighting       | 2 |  2.9
Bows           | |  2.6
Armour         | |  1.9
Stealth        | |  1.0
Shields        | |  1.0
Spellcasting   | |  1.0
Hexes          | |  2.0

Action                   || total
-------------------------++-------
 Fire: Shortbow          ||   112
  Eat: Chunk             ||     2
Armor: Robe              ||     5
       Ring mail         ||    19
Dodge: Dodged            ||    25

Table legend:
 A = Non-vault XP
 B = Vault XP
 C = Vault XP percentage of total XP
 D = Non-vault monster count
 E = Vault monster count
 F = Vault count percentage of total count
                 A         B        C        D         E       F
            +---------+---------+-------+---------+---------+-------
      Total |      69 |       0 |   0.0 |      35 |       0 |   0.0
            +---------+---------+-------+---------+---------+-------
        D:1 |      37 |       0 |   0.0 |      23 |       0 |   0.0
        D:2 |      32 |       0 |   0.0 |      12 |       0 |   0.0
            +---------+---------+-------+---------+---------+-------
